 Dungeon Crawl Stone Soup version 0.29.1-2-gbd0b4ee654 (webtiles) character file.

Game seed: 8810274550693652591

856 Avanven the Trooper (level 8, -18/61 HPs)
             Began as a Djinni Ice Elementalist on Nov 7, 2022.
             Was a Follower of Makhleb.
             Demolished by an ice beast (19 damage)
             ... on level 5 of the Dungeon.
             The game lasted 00:28:13 (5763 turns).

Avanven the Trooper (Djinni Ice Elementalist)       Turns: 5763, Time: 00:28:14

Health: -18/61     AC: 11    Str:  7    XL:     8   Next: 22%
Gold:   94         EV: 12    Int: 19    God:    Makhleb [*.....] SH:  0 Dex: 14

rFire   + + .      SeeInvis .   h - +4 hand axe
rCold   x . .      Faith    .   (no shield)
rNeg    . . .      Spirit   .   a - +2 robe
rPois   ∞          Reflect  .   (no helmet)
rElec   .          Harm     .   (no cloak)
rCorr   .          Rampage  .   (no gloves)
Will    .....                   (boots unavailable)
Stlth   ++........              (no amulet)
HPRegen 0.20/turn               (no ring)
MPRegen 0.00/turn               (no ring)

@: ice-armoured, freezing walls, flying, very slightly contaminated, studying
Evocations
A: sickness immunity, fire resistance 2, cold vulnerability 1, float, innate
caster, HP casting, extra vitality 1
a: Renounce Religion


You were on level 5 of the Dungeon.
You worshipped Makhleb.
Makhleb was aware of your devotion.
You visited 1 branch of the dungeon, and saw 5 of its levels.

You collected 185 gold pieces.
You spent 91 gold pieces at shops.

Inventory:

Hand Weapons
 h - a +4 hand axe (weapon)
Missiles
 c - 2 silver javelins
Armour
 a - a +2 robe (worn)
Jewellery
 e - a ring of protection from fire
 n - a ring of protection from fire
Wands
 j - a wand of quicksilver (11)
 m - a wand of polymorph (11)
 q - a wand of charming (1)
Scrolls
 d - 4 scrolls of identify
 l - a scroll of vulnerability
 p - a scroll of immolation
 s - a scroll of teleportation
Potions
 b - 2 potions of flight
 f - a potion of might {unknown}
 g - 2 potions of degeneration
 i - a potion of mutation
 k - 2 potions of ambrosia
 o - a potion of cancellation
 r - a potion of curing


   Skills:
 + Level 6.0 Fighting
 - Level 2.1 Dodging
 - Level 1.5 Stealth
 + Level 5.7 Spellcasting


You had one spell level left.
You knew the following spells:

 Your Spells              Type           Power      Damage    Failure   Level
a - Freeze                Ice            100%       1d11      1%          1
b - Frozen Ramparts       Ice            54%        1d9       3%          3
c - Ozocubu's Armour      Ice            27%        N/A       3%          3
d - Hailstorm             Conj/Ice       27%        3d7       11%         4
e - Shock                 Conj/Air       100%       1d9       1%          1
f - Poisonous Vapours     Pois/Air       54%        N/A       1%          2
g - Gell's Gravitas       Tloc           27%        N/A       3%          3
Your spell library was empty.

Dungeon Overview and Level Annotations

Branches:
Dungeon (5/15)             Temple (0/1) D:4

Altars:
Gozag
Makhleb
Trog

Shops:
D:3 ?   D:4 ?([**


Innate Abilities, Weirdness & Mutations

You are immune to sickness and miasma.
You are immune to poison.
Your flesh is very heat resistant. (rF++)
You are vulnerable to cold. (rC-)
You float through the air rather than walking.
You learn spells naturally, not from books.
Your magical power is your life essence.
You have superior vitality. (+4 MHP)


Message History

The hail pelts the ice beast.
The ice beast is heavily wounded.
Casting: Hailstorm (dangerous; 11% risk of failure)
Confirm with . or Enter, or press ? or * to list all spells.
Casting: Hailstorm (dangerous; 11% risk of failure)
Press: ? - help, Dir - look around, f - activate A cannonade of hail descends around you!
The hail pelts the ice beast!
The ice beast partially resists.
The ice beast is almost dead.
The zap hits the ice beast.
The ice beast is almost dead.
The ice beast hits you but does no damage.
A hound comes into view.
The zap hits the ice beast.
The ice beast is almost dead.
The ice beast hits you. The ice beast freezes you!
You feel a terrible chill!
* * * LOW HITPOINT WARNING * * *
You are too injured to fight recklessly!
You are too injured to fight recklessly!
Casting: Shock (safe; 1% risk of failure)
Confirm with . or Enter, or press ? or * to list all spells.
Casting: Frozen Ramparts (dangerous; 3% risk of failure)
Press: ? - help, Dir - look around, f - activate You miscast Frozen Ramparts.
Nothing appears to happen.
* * * LOW HITPOINT WARNING * * *
The ice beast hits you.
* * * LOW HITPOINT WARNING * * *
The ice beast freezes you!
You feel a terrible chill!
* * * LOW HITPOINT WARNING * * *
Casting: Frozen Ramparts (dangerous; 3% risk of failure)
Confirm with . or Enter, or press ? or * to list all spells.
Casting: Frozen Ramparts (dangerous; 3% risk of failure)
Press: ? - help, Dir - look around, f - activate The walls around you are covered in ice.
* * * LOW HITPOINT WARNING * * *
The wall freezes the ice beast but does no damage.
The ice beast hits you.
* * * LOW HITPOINT WARNING * * *
The ice beast freezes you!!
You feel a terrible chill!
You die...

##### #######...# ##.#.#.#.#.#
#.....(....# ####.##+##.#.#
#....#,,,#@..# #.##.+,,,+Y#.# **
#.#..#,,,#...# *, #.##.#*+*#h#.#
*, #.#...,,,./..# ***** *,
#######.##.#,*,#†#,# *,,,* *,
.........#..,,,...,******,*,****,
.).......+..,,,..),,,,,,,,,,,,,,>
.........#,,,,,,,,,,,,,,*,*,****,


You could see an ice beast and a hound.

Vanquished Creatures
  An acid dragon (D:4)
  A black bear (D:5)
  2 ogres
  3 hounds (D:4)
  Jessica (D:3)
  Ijyb (D:3)
  Natasha (thrice) (D:2)
  Terence (D:2)
  An iguana (D:4)
  2 orc wizards (D:4)
  2 adders
  4 gnolls (D:4)
  2 ufetubi
  A worm (D:3)
  2 dart slugs
  10 orcs
  5 endoplasms
  8 giant cockroaches
  6 hobgoblins
  3 jackals (D:2)
  3 quokkas
  3 ball pythons
  7 bats
  3 frilled lizards
  9 goblins
  7 kobolds
  5 rats
96 creatures vanquished.

Notes
Turn   | Place    | Note
-------+----------+-------------------------------------------
     0 | D:1      | Avanven the Djinni Ice Elementalist began the quest for the
                  | Orb.
     0 | D:1      | Avanven set off with the following spells memorised:
                  | Freeze, Frozen Ramparts, Ozocubu's Armour, Hailstorm.
     0 | D:1      | Reached XP level 1. HP: 15/15 MP: 0/0
   178 | D:1      | Reached XP level 2. HP: 20/22 MP: 0/0
   216 | D:1      | Reached skill level 1 in Fighting
   249 | D:1      | Found a faded altar of an unknown god.
   910 | D:2      | Found a burning altar of Makhleb.
   916 | D:2      | Became a worshipper of Makhleb the Destroyer
   966 | D:2      | Reached XP level 3. HP: 21/27 MP: 0/0
   966 | D:2      | Learned a level 1 spell: Shock
  1429 | D:2      | Noticed Natasha
  1443 | D:2      | Killed Natasha
  1444 | D:2      | Reached skill level 2 in Fighting
  1444 | D:2      | Reached XP level 4. HP: 17/34 MP: 0/0
  1607 | D:2      | Noticed Terence
  1694 | D:2      | Killed Terence
  2136 | D:2      | Noticed Natasha
  2146 | D:2      | Killed Natasha
  2147 | D:2      | Reached skill level 3 in Fighting
  2147 | D:2      | Reached XP level 5. HP: 14/40 MP: 0/0
  2147 | D:2      | Learned a level 2 spell: Poisonous Vapours
  2352 | D:2      | Noticed Natasha
  2359 | D:2      | Killed Natasha
  3099 | D:3      | Noticed Jessica
  3101 | D:3      | Killed Jessica
  3124 | D:3      | Reached XP level 6. HP: 45/46 MP: 0/0
  3290 | D:3      | Reached * piety under Makhleb
  3352 | D:3      | Found an opulent altar of Gozag.
  3483 | D:3      | Found Tifotweu's Magic Scroll Emporium.
  3496 | D:3      | Bought a scroll of identify for 20 gold pieces
  3629 | D:3      | Noticed Ijyb
  3635 | D:3      | Killed Ijyb
  3704 | D:4      | Reached skill level 4 in Fighting
  3870 | D:4      | Found a bloodstained altar of Trog.
  4070 | D:4      | Found Oqod Fako's General Store.
  4175 | D:4      | Bought a potion of curing for 42 gold pieces
  4183 | D:4      | Found Uqiarom's Weapon Shop.
  4309 | D:4      | Noticed an ice beast
  4310 | D:4      | Noticed an acid dragon
  4310 | D:4      | an ice beast changed into an acid dragon
  4334 | D:4      | Killed an acid dragon
  4335 | D:4      | Reached skill level 5 in Spellcasting
  4335 | D:4      | Reached XP level 7. HP: 43/53 MP: 0/0
  4335 | D:4      | Learned a level 3 spell: Gell's Gravitas
  4464 | D:4      | Found Ighupex's Armour Boutique.
  4559 | D:4      | Found Juneshri's Magic Scroll Boutique.
  4626 | D:4      | Found a staircase to the Ecumenical Temple.
  4784 | D:4      | Reached skill level 5 in Fighting
  5250 | D:4      | Found Eworicib's Assorted Antiques.
  5261 | D:4      | Bought a scroll labelled VIDEKH LOHALA for 29 gold pieces
  5346 | D:5      | Entered Level 5 of the Dungeon
  5373 | D:5      | Reached XP level 8. HP: 15/61 MP: 0/0
  5752 | D:5      | Reached skill level 6 in Fighting
  5763 | D:5      | HP: 1/61 [ice beast (2)]
  5763 | D:5      | Demolished by an ice beast

Illustrated notes

Levels and vault maps discovered:
D:1:      dpeg_arrival_long_road, layout_basic,
          hellmonk_ecumenical_altar_slurped_away, minmay_indecisive_spiral
D:2:      minmay_door_path, layout_basic, basic_altar, uniq_terence,
          uniq_natasha
D:3:      layout_basic, nicolae_overflow_two_pavilions, serial_shops,
          nicolae_shop_crystal, hangedman_feature_mirror, uniq_ijyb,
          uniq_jessica
D:4:      layout_basic, mainiacjoe_overflow_tiny_flanked,
          minmay_temple_entry_drinking_statues, serial_shops,
          nicolae_shop_trees, shop, nicolae_diamond_shop,
          nicolae_shop_statue_plus, shop, cheibrodos_gnoll_hut
D:5:      layout_basic, ebering_ghost_disaster_area, minmay_misc_feat_doors,
          minmay_misc_feat_room

Skill      XL: |  1  2  3  4  5  6  7  8 |
---------------+-------------------------+-----
Fighting       | 1 2 3 4 5 6 |  6.0
Spellcasting   | 4 5 |  5.7
Dodging        | |  2.1
Stealth        | |  1.5

Action                   |  1- 3 |  4- 6 |  7- 9 || total
-------------------------+-------+-------+-------++-------
Melee: Unarmed           |     1 |       |       ||     1
Throw: Javelin           |     6 |       |       ||     6
 Cast: Freeze            |    23 |    21 |    10 ||    54
       Shock             |    12 |    50 |    19 ||    81
       Frozen Ramparts   |     3 |    12 |     6 ||    21
       Ozocubu's Armour  |     2 |     9 |     7 ||    18
       Poisonous Vapours |       |     9 |     2 ||    11
       Hailstorm         |       |     3 |     7 ||    10
       Gell's Gravitas   |       |       |     1 ||     1
Evoke: Wand              |       |     1 |       ||     1
  Use: Scroll            |       |     9 |     6 ||    15
Armor: Robe              |     1 |     8 |     3 ||    12
Dodge: Dodged            |    14 |    16 |     8 ||    38
